Workbook

Sheet Loan Schedule
A1: Loan Amortization Schedule
A3: Loan amount | B3: 5000000
A4: Annual interest rate | B4: 0.12
A5: Tenure (months) | B5: 60
A7: Monthly EMI | B7: =(B3*(B4/12)*(1+B4/12)^B5)/((1+B4/12)^B5-1)
A10: Month | B10: Opening Balance | C10: EMI | D10: Interest | E10: Principal | F10: Closing Balance
A11: =IF(1<=$B$5,1,"") | B11: =IF(A11="","",$B$3) | C11: =IF(A11="","",$B$7) | D11: =IF(A11="","",B11*$B$4/12) | E11: =IF(A11="","",C11-D11) | F11: =IF(A11="","",B11-E11)
A12: =IF(2<=$B$5,2,"") | B12: =IF(A12="","",F11) | C12: =IF(A12="","",$B$7) | D12: =IF(A12="","",B12*$B$4/12) | E12: =IF(A12="","",C12-D12) | F12: =IF(A12="","",B12-E12)
A13: =IF(3<=$B$5,3,"") | B13: =IF(A13="","",F12) | C13: =IF(A13="","",$B$7) | D13: =IF(A13="","",B13*$B$4/12) | E13: =IF(A13="","",C13-D13) | F13: =IF(A13="","",B13-E13)
A14: =IF(4<=$B$5,4,"") | B14: =IF(A14="","",F13) | C14: =IF(A14="","",$B$7) | D14: =IF(A14="","",B14*$B$4/12) | E14: =IF(A14="","",C14-D14) | F14: =IF(A14="","",B14-E14)
A15: =IF(5<=$B$5,5,"") | B15: =IF(A15="","",F14) | C15: =IF(A15="","",$B$7) | D15: =IF(A15="","",B15*$B$4/12) | E15: =IF(A15="","",C15-D15) | F15: =IF(A15="","",B15-E15)
A16: =IF(6<=$B$5,6,"") | B16: =IF(A16="","",F15) | C16: =IF(A16="","",$B$7) | D16: =IF(A16="","",B16*$B$4/12) | E16: =IF(A16="","",C16-D16) | F16: =IF(A16="","",B16-E16)
A17: =IF(7<=$B$5,7,"") | B17: =IF(A17="","",F16) | C17: =IF(A17="","",$B$7) | D17: =IF(A17="","",B17*$B$4/12) | E17: =IF(A17="","",C17-D17) | F17: =IF(A17="","",B17-E17)
A18: =IF(8<=$B$5,8,"") | B18: =IF(A18="","",F17) | C18: =IF(A18="","",$B$7) | D18: =IF(A18="","",B18*$B$4/12) | E18: =IF(A18="","",C18-D18) | F18: =IF(A18="","",B18-E18)
A19: =IF(9<=$B$5,9,"") | B19: =IF(A19="","",F18) | C19: =IF(A19="","",$B$7) | D19: =IF(A19="","",B19*$B$4/12) | E19: =IF(A19="","",C19-D19) | F19: =IF(A19="","",B19-E19)
A20: =IF(10<=$B$5,10,"") | B20: =IF(A20="","",F19) | C20: =IF(A20="","",$B$7) | D20: =IF(A20="","",B20*$B$4/12) | E20: =IF(A20="","",C20-D20) | F20: =IF(A20="","",B20-E20)
A21: =IF(11<=$B$5,11,"") | B21: =IF(A21="","",F20) | C21: =IF(A21="","",$B$7) | D21: =IF(A21="","",B21*$B$4/12) | E21: =IF(A21="","",C21-D21) | F21: =IF(A21="","",B21-E21)
A22: =IF(12<=$B$5,12,"") | B22: =IF(A22="","",F21) | C22: =IF(A22="","",$B$7) | D22: =IF(A22="","",B22*$B$4/12) | E22: =IF(A22="","",C22-D22) | F22: =IF(A22="","",B22-E22)
A23: =IF(13<=$B$5,13,"") | B23: =IF(A23="","",F22) | C23: =IF(A23="","",$B$7) | D23: =IF(A23="","",B23*$B$4/12) | E23: =IF(A23="","",C23-D23) | F23: =IF(A23="","",B23-E23)
A24: =IF(14<=$B$5,14,"") | B24: =IF(A24="","",F23) | C24: =IF(A24="","",$B$7) | D24: =IF(A24="","",B24*$B$4/12) | E24: =IF(A24="","",C24-D24) | F24: =IF(A24="","",B24-E24)
A25: =IF(15<=$B$5,15,"") | B25: =IF(A25="","",F24) | C25: =IF(A25="","",$B$7) | D25: =IF(A25="","",B25*$B$4/12) | E25: =IF(A25="","",C25-D25) | F25: =IF(A25="","",B25-E25)
A26: =IF(16<=$B$5,16,"") | B26: =IF(A26="","",F25) | C26: =IF(A26="","",$B$7) | D26: =IF(A26="","",B26*$B$4/12) | E26: =IF(A26="","",C26-D26) | F26: =IF(A26="","",B26-E26)
A27: =IF(17<=$B$5,17,"") | B27: =IF(A27="","",F26) | C27: =IF(A27="","",$B$7) | D27: =IF(A27="","",B27*$B$4/12) | E27: =IF(A27="","",C27-D27) | F27: =IF(A27="","",B27-E27)
A28: =IF(18<=$B$5,18,"") | B28: =IF(A28="","",F27) | C28: =IF(A28="","",$B$7) | D28: =IF(A28="","",B28*$B$4/12) | E28: =IF(A28="","",C28-D28) | F28: =IF(A28="","",B28-E28)
A29: =IF(19<=$B$5,19,"") | B29: =IF(A29="","",F28) | C29: =IF(A29="","",$B$7) | D29: =IF(A29="","",B29*$B$4/12) | E29: =IF(A29="","",C29-D29) | F29: =IF(A29="","",B29-E29)
A30: =IF(20<=$B$5,20,"") | B30: =IF(A30="","",F29) | C30: =IF(A30="","",$B$7) | D30: =IF(A30="","",B30*$B$4/12) | E30: =IF(A30="","",C30-D30) | F30: =IF(A30="","",B30-E30)
A31: =IF(21<=$B$5,21,"") | B31: =IF(A31="","",F30) | C31: =IF(A31="","",$B$7) | D31: =IF(A31="","",B31*$B$4/12) | E31: =IF(A31="","",C31-D31) | F31: =IF(A31="","",B31-E31)
A32: =IF(22<=$B$5,22,"") | B32: =IF(A32="","",F31) | C32: =IF(A32="","",$B$7) | D32: =IF(A32="","",B32*$B$4/12) | E32: =IF(A32="","",C32-D32) | F32: =IF(A32="","",B32-E32)
A33: =IF(23<=$B$5,23,"") | B33: =IF(A33="","",F32) | C33: =IF(A33="","",$B$7) | D33: =IF(A33="","",B33*$B$4/12) | E33: =IF(A33="","",C33-D33) | F33: =IF(A33="","",B33-E33)
A34: =IF(24<=$B$5,24,"") | B34: =IF(A34="","",F33) | C34: =IF(A34="","",$B$7) | D34: =IF(A34="","",B34*$B$4/12) | E34: =IF(A34="","",C34-D34) | F34: =IF(A34="","",B34-E34)
A35: =IF(25<=$B$5,25,"") | B35: =IF(A35="","",F34) | C35: =IF(A35="","",$B$7) | D35: =IF(A35="","",B35*$B$4/12) | E35: =IF(A35="","",C35-D35) | F35: =IF(A35="","",B35-E35)
A36: =IF(26<=$B$5,26,"") | B36: =IF(A36="","",F35) | C36: =IF(A36="","",$B$7) | D36: =IF(A36="","",B36*$B$4/12) | E36: =IF(A36="","",C36-D36) | F36: =IF(A36="","",B36-E36)
A37: =IF(27<=$B$5,27,"") | B37: =IF(A37="","",F36) | C37: =IF(A37="","",$B$7) | D37: =IF(A37="","",B37*$B$4/12) | E37: =IF(A37="","",C37-D37) | F37: =IF(A37="","",B37-E37)
A38: =IF(28<=$B$5,28,"") | B38: =IF(A38="","",F37) | C38: =IF(A38="","",$B$7) | D38: =IF(A38="","",B38*$B$4/12) | E38: =IF(A38="","",C38-D38) | F38: =IF(A38="","",B38-E38)
A39: =IF(29<=$B$5,29,"") | B39: =IF(A39="","",F38) | C39: =IF(A39="","",$B$7) | D39: =IF(A39="","",B39*$B$4/12) | E39: =IF(A39="","",C39-D39) | F39: =IF(A39="","",B39-E39)
A40: =IF(30<=$B$5,30,"") | B40: =IF(A40="","",F39) | C40: =IF(A40="","",$B$7) | D40: =IF(A40="","",B40*$B$4/12) | E40: =IF(A40="","",C40-D40) | F40: =IF(A40="","",B40-E40)
A41: =IF(31<=$B$5,31,"") | B41: =IF(A41="","",F40) | C41: =IF(A41="","",$B$7) | D41: =IF(A41="","",B41*$B$4/12) | E41: =IF(A41="","",C41-D41) | F41: =IF(A41="","",B41-E41)
A42: =IF(32<=$B$5,32,"") | B42: =IF(A42="","",F41) | C42: =IF(A42="","",$B$7) | D42: =IF(A42="","",B42*$B$4/12) | E42: =IF(A42="","",C42-D42) | F42: =IF(A42="","",B42-E42)
A43: =IF(33<=$B$5,33,"") | B43: =IF(A43="","",F42) | C43: =IF(A43="","",$B$7) | D43: =IF(A43="","",B43*$B$4/12) | E43: =IF(A43="","",C43-D43) | F43: =IF(A43="","",B43-E43)
A44: =IF(34<=$B$5,34,"") | B44: =IF(A44="","",F43) | C44: =IF(A44="","",$B$7) | D44: =IF(A44="","",B44*$B$4/12) | E44: =IF(A44="","",C44-D44) | F44: =IF(A44="","",B44-E44)
A45: =IF(35<=$B$5,35,"") | B45: =IF(A45="","",F44) | C45: =IF(A45="","",$B$7) | D45: =IF(A45="","",B45*$B$4/12) | E45: =IF(A45="","",C45-D45) | F45: =IF(A45="","",B45-E45)
A46: =IF(36<=$B$5,36,"") | B46: =IF(A46="","",F45) | C46: =IF(A46="","",$B$7) | D46: =IF(A46="","",B46*$B$4/12) | E46: =IF(A46="","",C46-D46) | F46: =IF(A46="","",B46-E46)
A47: =IF(37<=$B$5,37,"") | B47: =IF(A47="","",F46) | C47: =IF(A47="","",$B$7) | D47: =IF(A47="","",B47*$B$4/12) | E47: =IF(A47="","",C47-D47) | F47: =IF(A47="","",B47-E47)
A48: =IF(38<=$B$5,38,"") | B48: =IF(A48="","",F47) | C48: =IF(A48="","",$B$7) | D48: =IF(A48="","",B48*$B$4/12) | E48: =IF(A48="","",C48-D48) | F48: =IF(A48="","",B48-E48)
A49: =IF(39<=$B$5,39,"") | B49: =IF(A49="","",F48) | C49: =IF(A49="","",$B$7) | D49: =IF(A49="","",B49*$B$4/12) | E49: =IF(A49="","",C49-D49) | F49: =IF(A49="","",B49-E49)
A50: =IF(40<=$B$5,40,"") | B50: =IF(A50="","",F49) | C50: =IF(A50="","",$B$7) | D50: =IF(A50="","",B50*$B$4/12) | E50: =IF(A50="","",C50-D50) | F50: =IF(A50="","",B50-E50)
A51: =IF(41<=$B$5,41,"") | B51: =IF(A51="","",F50) | C51: =IF(A51="","",$B$7) | D51: =IF(A51="","",B51*$B$4/12) | E51: =IF(A51="","",C51-D51) | F51: =IF(A51="","",B51-E51)
A52: =IF(42<=$B$5,42,"") | B52: =IF(A52="","",F51) | C52: =IF(A52="","",$B$7) | D52: =IF(A52="","",B52*$B$4/12) | E52: =IF(A52="","",C52-D52) | F52: =IF(A52="","",B52-E52)
A53: =IF(43<=$B$5,43,"") | B53: =IF(A53="","",F52) | C53: =IF(A53="","",$B$7) | D53: =IF(A53="","",B53*$B$4/12) | E53: =IF(A53="","",C53-D53) | F53: =IF(A53="","",B53-E53)
A54: =IF(44<=$B$5,44,"") | B54: =IF(A54="","",F53) | C54: =IF(A54="","",$B$7) | D54: =IF(A54="","",B54*$B$4/12) | E54: =IF(A54="","",C54-D54) | F54: =IF(A54="","",B54-E54)
A55: =IF(45<=$B$5,45,"") | B55: =IF(A55="","",F54) | C55: =IF(A55="","",$B$7) | D55: =IF(A55="","",B55*$B$4/12) | E55: =IF(A55="","",C55-D55) | F55: =IF(A55="","",B55-E55)
A56: =IF(46<=$B$5,46,"") | B56: =IF(A56="","",F55) | C56: =IF(A56="","",$B$7) | D56: =IF(A56="","",B56*$B$4/12) | E56: =IF(A56="","",C56-D56) | F56: =IF(A56="","",B56-E56)
A57: =IF(47<=$B$5,47,"") | B57: =IF(A57="","",F56) | C57: =IF(A57="","",$B$7) | D57: =IF(A57="","",B57*$B$4/12) | E57: =IF(A57="","",C57-D57) | F57: =IF(A57="","",B57-E57)
A58: =IF(48<=$B$5,48,"") | B58: =IF(A58="","",F57) | C58: =IF(A58="","",$B$7) | D58: =IF(A58="","",B58*$B$4/12) | E58: =IF(A58="","",C58-D58) | F58: =IF(A58="","",B58-E58)
A59: =IF(49<=$B$5,49,"") | B59: =IF(A59="","",F58) | C59: =IF(A59="","",$B$7) | D59: =IF(A59="","",B59*$B$4/12) | E59: =IF(A59="","",C59-D59) | F59: =IF(A59="","",B59-E59)
A60: =IF(50<=$B$5,50,"") | B60: =IF(A60="","",F59) | C60: =IF(A60="","",$B$7) | D60: =IF(A60="","",B60*$B$4/12) | E60: =IF(A60="","",C60-D60) | F60: =IF(A60="","",B60-E60)
A61: =IF(51<=$B$5,51,"") | B61: =IF(A61="","",F60) | C61: =IF(A61="","",$B$7) | D61: =IF(A61="","",B61*$B$4/12) | E61: =IF(A61="","",C61-D61) | F61: =IF(A61="","",B61-E61)
A62: =IF(52<=$B$5,52,"") | B62: =IF(A62="","",F61) | C62: =IF(A62="","",$B$7) | D62: =IF(A62="","",B62*$B$4/12) | E62: =IF(A62="","",C62-D62) | F62: =IF(A62="","",B62-E62)
A63: =IF(53<=$B$5,53,"") | B63: =IF(A63="","",F62) | C63: =IF(A63="","",$B$7) | D63: =IF(A63="","",B63*$B$4/12) | E63: =IF(A63="","",C63-D63) | F63: =IF(A63="","",B63-E63)
A64: =IF(54<=$B$5,54,"") | B64: =IF(A64="","",F63) | C64: =IF(A64="","",$B$7) | D64: =IF(A64="","",B64*$B$4/12) | E64: =IF(A64="","",C64-D64) | F64: =IF(A64="","",B64-E64)
A65: =IF(55<=$B$5,55,"") | B65: =IF(A65="","",F64) | C65: =IF(A65="","",$B$7) | D65: =IF(A65="","",B65*$B$4/12) | E65: =IF(A65="","",C65-D65) | F65: =IF(A65="","",B65-E65)
A66: =IF(56<=$B$5,56,"") | B66: =IF(A66="","",F65) | C66: =IF(A66="","",$B$7) | D66: =IF(A66="","",B66*$B$4/12) | E66: =IF(A66="","",C66-D66) | F66: =IF(A66="","",B66-E66)
A67: =IF(57<=$B$5,57,"") | B67: =IF(A67="","",F66) | C67: =IF(A67="","",$B$7) | D67: =IF(A67="","",B67*$B$4/12) | E67: =IF(A67="","",C67-D67) | F67: =IF(A67="","",B67-E67)
A68: =IF(58<=$B$5,58,"") | B68: =IF(A68="","",F67) | C68: =IF(A68="","",$B$7) | D68: =IF(A68="","",B68*$B$4/12) | E68: =IF(A68="","",C68-D68) | F68: =IF(A68="","",B68-E68)
A69: =IF(59<=$B$5,59,"") | B69: =IF(A69="","",F68) | C69: =IF(A69="","",$B$7) | D69: =IF(A69="","",B69*$B$4/12) | E69: =IF(A69="","",C69-D69) | F69: =IF(A69="","",B69-E69)
A70: =IF(60<=$B$5,60,"") | B70: =IF(A70="","",F69) | C70: =IF(A70="","",$B$7) | D70: =IF(A70="","",B70*$B$4/12) | E70: =IF(A70="","",C70-D70) | F70: =IF(A70="","",B70-E70)

Sheet Covenant Check
A1: DSCR Covenant Check, by loan year
A3: Minimum DSCR required by lender | B3: 1.25
A6: Loan Year | B6: EBITDA (enter your figure) | C6: Principal Repaid | D6: Interest Paid | E6: Total Debt Service | F6: DSCR | G6: Covenant Met?
A7: Year 1 | B7: 1500000 | C7: =SUM('Loan Schedule'!E11:E22) | D7: =SUM('Loan Schedule'!D11:D22) | E7: =C7+D7 | F7: =IF(E7=0,"",B7/E7) | G7: =IF(E7=0,"",IF(F7>=$B$3,"Pass","Fail"))
A8: Year 2 | B8: 1600000 | C8: =SUM('Loan Schedule'!E23:E34) | D8: =SUM('Loan Schedule'!D23:D34) | E8: =C8+D8 | F8: =IF(E8=0,"",B8/E8) | G8: =IF(E8=0,"",IF(F8>=$B$3,"Pass","Fail"))
A9: Year 3 | B9: 1550000 | C9: =SUM('Loan Schedule'!E35:E46) | D9: =SUM('Loan Schedule'!D35:D46) | E9: =C9+D9 | F9: =IF(E9=0,"",B9/E9) | G9: =IF(E9=0,"",IF(F9>=$B$3,"Pass","Fail"))
A10: Year 4 | B10: 1700000 | C10: =SUM('Loan Schedule'!E47:E58) | D10: =SUM('Loan Schedule'!D47:D58) | E10: =C10+D10 | F10: =IF(E10=0,"",B10/E10) | G10: =IF(E10=0,"",IF(F10>=$B$3,"Pass","Fail"))
A11: Year 5 | B11: 1750000 | C11: =SUM('Loan Schedule'!E59:E70) | D11: =SUM('Loan Schedule'!D59:D70) | E11: =C11+D11 | F11: =IF(E11=0,"",B11/E11) | G11: =IF(E11=0,"",IF(F11>=$B$3,"Pass","Fail"))

Sheet Read Me
A1: Loan Amortization & Covenant Template — Eduints
A3: A full monthly reducing-balance schedule (up to 60 months / 5 years) from a standard EMI formula, plus a real DSCR (Debt Service Coverage Ratio) covenant check built directly from that schedule.
A4: The Covenant Check sheet rolls the monthly schedule up into loan years (SUM of 12 months' principal and interest each), compares EBITDA against total debt service for that year, and flags Pass/Fail against a minimum DSCR you set (1.25x is a commonly cited lender threshold, used here as an illustrative default, not a universal rule).
A5: Change the loan amount, rate or tenure and the whole schedule and covenant table recalculate. Tenures beyond 60 months are not supported by this template.
A7: Full explanation: https://eduints.com/tools/dscr-calculator
